 Dungeon Crawl Stone Soup version 0.23.2 (webtiles) character file.

Game seed: 3659436386580151357

5098 Kairos the Conjurer (level 10, -23/78 HPs)
             Began as a Grey Draconian Conjurer on Apr 11, 2019.
             Was a Believer of Vehumet.
             Annihilated by a two-headed ogre
             ... wielding a +0 giant club
              (28 damage)
             ... on level 7 of the Dungeon.
             The game lasted 00:38:20 (11824 turns).

Kairos the Conjurer (Grey Draconian Conjurer)      Turns: 11824, Time: 00:38:20

Health: -23/78     AC: 12    Str: 12    XL:     10   Next: 32%
Magic:  18/29      EV: 14    Int: 17    God:    Vehumet [**....]
Gold:   192        SH:  4    Dex: 12    Spells: 12/23 levels left

rFire    . . .     SeeInvis .   M - +1 long sword (flame)
rCold    . . .     Gourm    .   H - +0 buckler
rNeg     . . .     Faith    .   (armour unavailable)
rPois    +         Spirit   .   (helmet restricted)
rElec    .         Reflect  .   (no cloak)
rCorr    .         Harm     .   (no gloves)
MR       .....                  (no boots)
Stlth    ++........             J - amulet of regeneration
HPRegen  0.63/turn              j - ring of magical power
MPRegen  0.21/turn              v - ring of poison resistance

@: very slightly contaminated
A: walk through water, unfitting armour, unbreathing, cold-blooded, AC +12
a: Renounce Religion


You were on level 7 of the Dungeon.
You worshipped Vehumet.
Vehumet was pleased with you.
You were not hungry.

You visited 2 branches of the dungeon, and saw 9 of its levels.

You collected 423 gold pieces.
You spent 231 gold pieces at shops.

Inventory:

Hand Weapons
 o - a +2 short sword of draining
 s - a +0 antimagic short sword
 x - a +4 trident of venom
 M - a +1 long sword of flaming (weapon)
Missiles
 p - 2 poisoned tomahawks (quivered)
 y - 6 throwing nets
 I - 3 tomahawks
Armour
 H - a +0 buckler (worn)
Magical Staves
 a - an uncursed staff of wizardry
Jewellery
 d - an uncursed amulet of faith
 i - an uncursed amulet of the gourmand
 j - a ring of magical power (left hand)
 v - a ring of poison resistance (right hand)
 B - a +3 amulet of reflection
 C - an uncursed ring of see invisible
 J - an amulet of regeneration (around neck)
Wands
 u - a wand of enslavement (8)
 z - a wand of disintegration (11)
 K - a wand of acid (7)
Scrolls
 c - 2 scrolls of remove curse
 m - a scroll of magic mapping
 w - 2 scrolls of amnesia {unknown}
 A - 2 scrolls of enchant weapon {unknown}
 D - 5 scrolls of teleportation
 E - a scroll of blinking
 G - a scroll of fear {unknown}
 L - a scroll of identify
 N - a scroll of enchant armour
Potions
 e - a potion of cancellation
 f - a potion of berserk rage {unknown}
 g - a potion of brilliance
 h - a potion of might {unknown}
 k - 3 potions of heal wounds {unknown}
 l - 2 potions of mutation {unknown}
 n - 2 potions of ambrosia {unknown}
 q - 3 potions of curing {unknown}
 r - 2 potions of lignification {unknown}
 t - a potion of invisibility {unknown}
 F - 2 potions of magic {unknown}
Comestibles
 b - 8 rations


   Skills:
 + Level 4.0 Fighting
 + Level 6.2 Short Blades
 + Level 2.3 Staves
 + Level 5.4 Dodging
 + Level 4.1 Stealth
 + Level 3.5 Shields
 + Level 7.1 Spellcasting
 + Level 7.9 Conjurations
 + Level 2.4 Hexes


You had 12 spell levels left.
You knew the following spells:

 Your Spells              Type           Power        Failure   Level  Hunger
a - Magic Dart            Conj           ####         1%          1    None
b - Searing Ray           Conj           ####..       1%          2    None
c - Dazzling Spray        Conj/Hex       ###...       4%          3    ##.....
d - Iskenderun's Mystic   Conj           ####....     4%          4    ####...
e - Flame Tongue          Conj/Fire      ###..        2%          1    None

Your spell library contained the following spells:

 Spells                   Type           Power        Failure   Level  Hunger
 Freeze                   Ice            #...         12%         1    None
 Corona                   Hex            ##.....      4%          1    None
 Ensorcelled Hibernation  Hex/Ice        ##....       11%         2    None
 Confuse                  Hex            ##......     13%         3    ##.....
 Tukima's Dance           Hex            ##......     13%         3    ##.....
 Fulminant Prism          Conj/Hex       ###.......   14%         4    ####...
 Force Lance              Conj/Tloc      ###.....     22%         4    ####...


Dungeon Overview and Level Annotations

Branches:
Dungeon (8/15)             Temple (1/1) D:5            Lair (0/6) D:8

Altars:
Ashenzari
Cheibriados
Dithmenos
Elyvilon
Fedhas
Gozag
Hepliaklqana
Kikubaaqudgha
Nemelex Xobeh
Okawaru
Qazlal
Ru
Sif Muna
Trog
Uskayaw
Vehumet
Wu Jian
Xom
Yredelemnul
Zin
The Shining One

Shops:
D:4 :   D:5 ?[   D:8 [%}


Innate Abilities, Weirdness & Mutations

You can walk through water.
Your dull iron-grey scales are very hard. (AC +12)
You cannot fit into any form of body armour.
You can survive without breathing.
You are cold-blooded and may be slowed by cold attacks.


Message History

Press: ? - help, Shift-Dir - straight line, f/p - two-headed ogre
Aim: a two-headed ogre, wielding a +0 giant club and a +0 giant spiked club (heavily wounded)
The spray of energy hits the two-headed ogre.
The two-headed ogre is heavily wounded.
The two-headed ogre is dazzled.
The spray of energy hits the hog!
The hog is moderately wounded.
The hog is dazzled.
The hog bites you!
The two-headed ogre completely misses you.
You riposte.
You hit the two-headed ogre. You burn the two-headed ogre.
The two-headed ogre is heavily wounded.
The two-headed ogre hits you with a +0 giant spiked club!!
You barely miss the two-headed ogre.
The two-headed ogre is heavily wounded.
The hog misses you. The hog barely misses you.
You see here a killer bee corpse.
The hog is no longer blind.
The two-headed ogre is no longer blind.
The two-headed ogre hits you with a +0 giant club!!
* * * LOW HITPOINT WARNING * * *
The two-headed ogre hits you with a +0 giant spiked club!!
You die...

##.....#..#............##...###'
#..................#....'.......
#..................#....#.......
##.................#....#.......
##.................#....#.......
#.............(....'....#.......
##.....##....##...##....#.......
#.....<##....#######...##.####.#
##.......#......@[.#######.####'#
.##......#..(.[hO>.#.......#.....
.'.......#.....W...#.......#.....
.##.....##....##...#.......#.....
.##.....##....##...#.......#.....
.#.......#....#...)#.......'.....
.##......#....#....##.....###..##
.##......#....#....##########..##
.........#....#...........#......


You could see a two-headed ogre, a phantom and a hog.

Vanquished Creatures
  Grinder (D:3)
  2 hippogriffs
  3 hungry ghosts
  3 wargs
  A water moccasin (D:7)
  3 sky beasts (D:7)
  2 orc warriors
  3 eyes of draining (D:3)
  3 black bears
  An ogre (D:4)
  A phantom (D:4)
  A wolf (D:5)
  4 bullfrogs
  2 gnoll sergeants (D:5)
  5 scorpions
  A killer bee (D:7)
  5 wights (D:7)
  2 howler monkeys
  A centaur zombie (D:8)
  3 crimson imps
  A bullfrog zombie (D:5)
  5 orc priests
  3 gnoll shamans
  6 hounds
  2 jellies
  4 iguanas
  3 worker ants (D:6)
  Natasha (thrice) (D:3)
  8 orc wizards
  2 hound skeletons
  A howler monkey zombie (D:8)
  18 gnolls
  8 adders
  A shadow imp (D:7)
  4 oozes
  4 worms
  2 dart slugs
  5 leopard geckos
  22 orcs
  4 bats
  10 giant cockroaches
  9 goblins
  2 hobgoblins
  7 jackals
  4 quokkas
  3 ball pythons
  4 frilled lizards
  6 kobolds
  A leopard gecko zombie (D:3)
  8 rats
207 creatures vanquished.

Notes
Turn   | Place    | Note
-------+----------+-------------------------------------------
     0 | D:1      | Kairos the Draconian Conjurer began the quest for the Orb.
     0 | D:1      | Reached XP level 1. HP: 14/14 MP: 3/3
   996 | D:1      | Reached XP level 2. HP: 20/20 MP: 3/5
  1262 | D:1      | Reached XP level 3. HP: 26/26 MP: 1/6
  1812 | D:2      | Found an ornate altar of the Wu Jian Council.
  2336 | D:2      | Learned a level 2 spell: Searing Ray
  2340 | D:2      | Learned a level 3 spell: Dazzling Spray
  2527 | D:3      | Reached skill level 5 in Conjurations
  2527 | D:3      | Reached XP level 4. HP: 33/33 MP: 6/7
  3093 | D:3      | Reached skill level 1 in Short Blades
  3126 | D:3      | Noticed Natasha
  3130 | D:3      | Killed Natasha
  3193 | D:3      | Reached XP level 5. HP: 34/39 MP: 9/9
  3338 | D:3      | Noticed Grinder
  3347 | D:3      | Paralysed by Grinder for 3 turns
  3353 | D:3      | Killed Grinder
  3353 | D:3      | Reached skill level 1 in Fighting
  3353 | D:3      | Reached XP level 6. HP: 34/47 MP: 1/11
  3913 | D:3      | Your scales start taking on a dull iron-grey colour.
  3913 | D:3      | Reached XP level 7. HP: 50/52 MP: 2/13
  3913 | D:3      | Gained mutation: You can survive without breathing. [Grey
                  | Draconian growth]
  3943 | D:3      | Found a bloodstained altar of Trog.
  4065 | D:3      | Noticed Natasha
  4076 | D:3      | Killed Natasha
  4174 | D:3      | Noticed Natasha
  4185 | D:3      | Killed Natasha
  4284 | D:4      | Found Qiasik's Book Shoppe.
  4899 | D:4      | Found a snail-covered altar of Cheibriados.
  5217 | D:5      | Entered Level 5 of the Dungeon
  5241 | D:5      | Reached XP level 8. HP: 51/61 MP: 15/15
  5250 | D:5      | Found Bigorur's Antique Armour Shoppe.
  5426 | D:5      | Found a blossoming altar of Fedhas.
  5518 | D:5      | Reached skill level 5 in Spellcasting
  5788 | D:5      | Reached skill level 1 in Hexes
  6099 | D:5      | Found Haoh's Magic Scroll Emporium.
  6109 | D:5      | Bought a scroll of teleportation for 42 gold pieces
  6109 | D:5      | Bought a scroll of teleportation for 42 gold pieces
  6109 | D:5      | Bought a scroll of remove curse for 42 gold pieces
  6109 | D:5      | Bought a scroll of blinking for 105 gold pieces
  6145 | D:5      | Found a staircase to the Ecumenical Temple.
  6209 | D:5      | Reached skill level 5 in Short Blades
  6679 | Temple   | Entered the Ecumenical Temple
  6826 | Temple   | Became a worshipper of Vehumet
  7099 | D:6      | Reached XP level 9. HP: 61/70 MP: 17/17
  7477 | D:6      | Reached skill level 1 in Shields
  7789 | D:7      | Learned a level 4 spell: Iskenderun's Mystic Blast
  8510 | D:7      | Reached * piety under Vehumet
  8510 | D:7      | Offered knowledge of Flame Tongue by Vehumet.
  8515 | D:7      | Learned a level 1 spell: Flame Tongue
 10087 | D:7      | Reached skill level 1 in Staves
 10478 | D:7      | Reached XP level 10. HP: 78/78 MP: 20/20
 10589 | D:8      | Reached skill level 5 in Dodging
 11043 | D:8      | Found a staircase to the Lair.
 11258 | D:8      | Offered knowledge of Freeze by Vehumet.
 11291 | D:8      | Found Lyakom's Gadget Shoppe.
 11409 | D:8      | Found Ykuzoik's Armour Shop.
 11429 | D:8      | Found Cawuig's Food Emporium.
 11444 | D:8      | Reached ** piety under Vehumet
 11591 | D:8      | Found a shadowy altar of Dithmenos.
 11666 | D:8      | Noticed a two-headed ogre
 11824 | D:7      | Annihilated by a two-headed ogre

Skill      XL: |  1  2  3  4  5  6  7  8  9 10 |
---------------+-------------------------------+-----
Dodging        | 2 3 4 5 |  5.4
Conjurations   | 5 6 7 |  7.9
Stealth        | 2 3 4 |  4.1
Short Blades   | 1 2 4 5 6 |  6.2
Fighting       | 1 2 3 4 |  4.0
Spellcasting   | 3 4 5 6 7 |  7.1
Hexes          | 1 2 |  2.4
Shields        | 2 3 |  3.5
Staves         | 1 2 |  2.3

Action                   |  1- 3 |  4- 6 |  7- 9 | 10-12 || total
-------------------------+-------+-------+-------+-------++-------
Melee: Short sword       |    32 |    37 |   359 |       ||   428
       Unarmed           |     8 |       |       |       ||     8
       Tailslap          |     8 |     4 |    36 |     9 ||    57
       Staff             |       |       |    36 |    31 ||    67
       Long sword        |       |       |       |    18 ||    18
 Cast: Magic Dart        |    74 |    75 |    78 |    62 ||   289
       Dazzling Spray    |     2 |     5 |    39 |     8 ||    54
       Searing Ray       |       |     3 |     1 |    20 ||    24
       Iskenderun's Myst |       |       |    55 |    19 ||    74
  Use: Scroll            |     2 |       |     4 |       ||     6
 Stab: Invisible         |       |       |     8 |       ||     8
       Sleeping          |       |       |     4 |     1 ||     5
  Eat: Chunk             |     5 |     9 |    13 |     3 ||    30
       Ration            |     2 |       |     5 |     3 ||    10
Armor: Skin              |    27 |    13 |   170 |    49 ||   259
Dodge: Dodged            |    60 |    29 |   326 |   113 ||   528
Block: Buckler           |       |       |    93 |    30 ||   123
       Other             |       |       |     7 |       ||     7
       Reflection        |       |       |     4 |       ||     4
       Rpst.: Long sword |       |       |       |     6 ||     6
